 Dungeon Crawl Stone Soup version 0.30-b1-2-g02819fbbbe (webtiles) character file.

Game seed: 1972131026557190950

57 frepo the Chopper (level 4, 0/40 HPs)
             Began as a Hill Orc Monk on July 20, 2023.
             Slain by Terence
             ... wielding a +0 flail
              (7 damage)
             ... on level 2 of the Dungeon.
             The game lasted 00:22:07 (1618 turns).

frepo the Chopper (Hill Orc Monk)                   Turns: 1618, Time: 00:22:08

Health: 0/40       AC:  8    Str: 15    XL:     4   Next: 0%
Magic:  4/4        EV:  7    Int: 10    God:
Gold:   141        SH:  0    Dex: 13    Spells: 3/3 levels left

rFire   . . .        a - +0 hand axe
rCold   . . .        d - orb {light}
rNeg    . . .        g - +0 chain mail
rPois   .            (no helmet)
rElec   .            (no cloak)
rCorr   .            (no gloves)
SInv    .            (no boots)
Will    .....        (no amulet) Stlth
                     i - ring of wizardry
HPRegen 0.26/turn    (no ring)
MPRegen 0.09/turn

%: wizardry (x1)
@: glowing
A: no striking features
a: no special abilities


You were on level 2 of the Dungeon.
You visited 1 branch of the dungeon, and saw 2 of its levels.

You collected 141 gold pieces.

Inventory:

Hand Weapons
 a - a +0 hand axe (weapon)
 k - a +0 dagger
 m - a +0 dagger
 q - a +0 sling
 u - a +0 hand axe
Missiles
 c - 36 stones (quivered)
Armour
 b - a +0 robe
 d - an orb of light (worn)
 g - a +0 chain mail (worn)
 s - a +0 ring mail
 t - a +0 leather armour
Jewellery
 i - a ring of wizardry (left hand)
Scrolls
 j - a scroll of fear
 p - 2 scrolls of immolation
 r - a scroll of identify
Potions
 e - 3 potions of heal wounds {unknown}
 n - 2 potions of haste {unknown}
 o - 2 potions of curing


   Skills:
 + Level 4.1 Fighting
 + Level 5.0 Axes
 + Level 0.2 Armour
 + Level 3.0 Dodging


You had 3 spell levels left.
You didn't know any spells.
Your spell library contained the following spells:

 Spells                   Type           Power      Damage    Failure   Level
 Sublimation of Blood     Necr           0%         N/A       97%         2
 Wereblood                Tmut           0%         N/A       97%         2
 Malign Gateway           Summ/Tloc      0%         N/A       100%        7
 Summon Hydra             Summ           0%         N/A       100%        7
 Summon Horrible Things   Summ           0%         N/A       100%        8


Dungeon Overview and Level Annotations

Branches:
Dungeon (2/15)

Altars:

Annotations:
D:2 Terence


Message History

The sling bullet closely misses Terence.
You shoot a sling bullet.
The sling bullet hits Terence but does no damage.
Terence is heavily wounded.
You shoot a sling bullet.
The sling bullet closely misses Terence.
Terence says, "You're history."
You shoot a sling bullet.
The sling bullet hits Terence but does no damage.
Terence is heavily wounded.
a - a +0 hand axe (weapon)
You barely miss Terence.
Terence is heavily wounded.
Terence hits you with a +0 flail.
You hit Terence.
Terence is severely wounded.
Terence hits you with a +0 flail.
You hit Terence.
Terence is severely wounded.
Terence hits you with a +0 flail!
You hit Terence but do no damage.
Terence is severely wounded.
Terence hits you with a +0 flail.
You hit Terence but do no damage.
Terence is severely wounded.
Terence hits you with a +0 flail!
* * * LOW HITPOINT WARNING * * *
You hit Terence but do no damage.
Terence is severely wounded.
Terence barely misses you. Terence attacks as you move away!
Terence barely misses you. Terence attacks as you move away!
Terence barely misses you. Terence says, "Did you write a will?
You should..."
Terence attacks as you move away! Terence hits you but does no damage.
A hobgoblin comes into view.
The hobgoblin shouts!
Terence attacks as you move away! Terence hits you with a +0 flail.
* * * LOW HITPOINT WARNING * * *
Terence attacks as you move away! Terence hits you with a +0 flail!
You die...

.....# #.#.......###########
.....# ##.....#.......#.....#
.....#.......g#.#...###.###.#
.....#........#.###.# #.# #.#
######........#.# #.# #.# #.#
........#.###.###.# #.#
........#.........#.#.#
.......#####.......#.#
#.#....@@.<######.#.#
#.###.####.# .#.#
#########.#......#.# #.#
........#.#.#.##.#. #.#
#######.#.#.#.# #. #.#
............#.. .. #.#
####..#.#.###### ## #.#
####..#.#.# #.# ......#.#.#
#.#


You could see Terence.

Vanquished Creatures
  A gnoll (D:1)
  An adder (D:2)
  4 ball pythons
  3 endoplasms
  3 giant cockroaches
  3 hobgoblins
  3 jackals (D:1)
  4 quokkas
  6 bats
  A frilled lizard (D:1)
  5 kobolds
  3 rats (D:1)
37 creatures vanquished.

Notes
Turn   | Place    | Note
-------+----------+-------------------------------------------
     0 | D:1      | frepo the Hill Orc Monk began the quest for the Orb.
     0 | D:1      | Reached XP level 1. HP: 19/19 MP: 1/1
   231 | D:1      | Reached XP level 2. HP: 19/27 MP: 2/2
   389 | D:1      | Reached XP level 3. HP: 28/33 MP: 3/3
  1318 | D:2      | Reached skill level 5 in Axes
  1400 | D:2      | Noticed Terence
  1512 | D:2      | Reached XP level 4. HP: 33/40 MP: 4/4
  1618 | D:2      | Slain by Terence

Illustrated notes

Levels and vault maps discovered:
D:1:      evilmike_arrival_rings, layout_rooms
D:2:      layout_basic, uniq_terence

Skill      XL: |  1  2  3 |
---------------+----------+-----
Dodging        | 3 |  3.0
Fighting       | 4 |  4.1
Axes           | 5 |  5.0
Armour         | |  0.2

Action                     |  1- 3 |  4- 6 || total
---------------------------+-------+-------++-------
  Melee: Hand axe          |   141 |     6 ||   147
   Fire: Sling             |       |    11 ||    11
    Use: Potion            |     1 |       ||     1
         Scroll            |     2 |     4 ||     6
 Armour: Robe              |    21 |       ||    21
         Chain mail        |    38 |     1 ||    39
  Dodge: Dodged            |    87 |     3 ||    90
